 Dungeon Crawl Stone Soup version 0.29-a0-887-gcbe080d7e0 (webtiles) character file.

Game seed: 7537133837893974305

98 jimonade the Magician (level 4, 0/32 HPs)
             Began as a Gnoll Hedge Wizard on July 21, 2022.
             Slain by an iguana (5 damage)
             ... on level 3 of the Dungeon.
             The game lasted 00:05:19 (3918 turns).

jimonade the Magician (Gnoll Hedge Wizard)          Turns: 3918, Time: 00:05:21

Health: 0/32       AC:  2    Str: 11    XL:     4   Next: 69%
Magic:  6/13       EV: 13    Int: 13    God:
Gold:   101        SH:  0    Dex: 12    Spells: 14/17 levels left

rFire   . . .      SeeInvis .   a - +0 dagger
rCold   . . .      Faith    .   (no shield)
rNeg    . . .      Spirit   .   b - +0 robe
rPois   .          Reflect  .   c - +0 hat
rElec   .          Harm     .   (no cloak)
rCorr   .          Rampage  .   (no gloves)
Will    .....                   (no boots)
Stlth   +++.......              (no amulet)
HPRegen 0.10/turn               (no ring)
MPRegen 0.13/turn               (no ring)

@: very slightly contaminated
A: fangs 1, strong nose, distributed training
a: no special abilities


You were on level 3 of the Dungeon.
You visited 1 branch of the dungeon, and saw 3 of its levels.

You collected 101 gold pieces.

Inventory:

Hand Weapons
 a - a +0 dagger (weapon)
 j - a +0 hand axe
 q - a +0 whip
 r - a +0 short sword
 t - a +0 spear
 x - a +0 hand axe
Missiles
 o - 6 poisoned darts
 s - 22 stones
Armour
 b - a +0 robe (worn)
 c - a +0 hat (worn)
 n - a +0 plate armour
Jewellery
 u - a ring of resist corrosion
Scrolls
 h - a scroll of poison {unknown}
 i - a scroll of enchant armour {unknown}
 m - a scroll of vulnerability {unknown}
 p - a scroll of immolation {unknown}
Potions
 d - a potion of magic
 e - a potion of heal wounds {unknown}
 f - 2 potions of might {unknown}
 g - a potion of lignification {unknown}
 k - a potion of haste {unknown}
 l - a potion of cancellation {unknown}
 v - a potion of mutation {unknown}
 w - a potion of brilliance {unknown}


   Skills:
 + Level 1.2 Fighting
 + Level 1.2 Short Blades
 + Level 1.2 Long Blades
 + Level 1.2 Axes
 + Level 1.2 Maces & Flails
 + Level 1.2 Polearms
 + Level 1.2 Staves
 + Level 1.2 Ranged Weapons
 + Level 1.2 Throwing
 + Level 1.2 Armour
 + Level 4.7 Dodging
 + Level 4.3 Stealth
 + Level 1.2 Shields
 + Level 1.2 Unarmed Combat
 + Level 7.2 Spellcasting
 + Level 2.3 Conjurations
 + Level 1.0 Hexes
 + Level 2.3 Summonings
 + Level 1.0 Necromancy
 + Level 2.3 Translocations
 + Level 1.0 Transmutations
 + Level 1.0 Fire Magic
 + Level 1.0 Ice Magic
 + Level 1.0 Air Magic
 + Level 1.0 Earth Magic
 + Level 1.0 Poison Magic
 + Level 1.4 Invocations
 + Level 1.2 Evocations


You had 14 spell levels left.
You knew the following spells:

 Your Spells              Type           Power      Damage    Failure   Level
a - Magic Dart            Conj           40%        1d5       6%          1
b - Blink                 Tloc           20%        N/A       9%          2

Your spell library contained the following spells:

 Spells                   Type           Power      Damage    Failure   Level
 Call Imp                 Summ           10%        N/A       9%          2
 Slow                     Hex            28%        N/A       10%         1
 Conjure Flame            Conj/Fire      9%         6-21      22%         3
 Mephitic Cloud           Conj/Pois/Air  8%         N/A       24%         3


Dungeon Overview and Level Annotations

Branches:
Dungeon (3/15)

Altars:
Ru


Innate Abilities, Weirdness & Mutations

You have very sharp teeth.
Your uncanny sense of smell can sniff out nearby items.
Your experience applies equally to all skills.


Message History

You miscast Magic Dart.
You are very lightly contaminated with residual magic.
Nothing appears to happen.
The iguana bites you!
The magic dart hits the iguana.
The iguana is lightly wounded.
The iguana barely misses you.
The magic dart hits the iguana but does no damage.
The iguana is lightly wounded.
The iguana bites you!
You are too injured to fight recklessly!
You are too injured to fight recklessly!
You are too injured to fight recklessly!
You are too injured to fight recklessly!
Aiming: Magic Dart (safe; 6% risk of failure)
Press: ? - help, Q - select action, (/) - cycle Shift-Dir - straight line, f/p - iguana
Aim: an iguana (lightly wounded, 100% to hit)
The magic dart hits the iguana.
The iguana is moderately wounded.
The iguana misses you.
Aiming: Magic Dart (safe; 6% risk of failure)
Press: ? - help, Q - select action, (/) - cycle Shift-Dir - straight line, f/p - iguana
Aim: an iguana (moderately wounded, 100% to hit)
The magic dart hits the iguana.
The iguana is moderately wounded.
The iguana bites you.
* * * LOW HITPOINT WARNING * * *
Aiming: Magic Dart (safe; 6% risk of failure)
Press: ? - help, Q - select action, (/) - cycle Shift-Dir - straight line, f/p - iguana
Aim: an iguana (moderately wounded, 100% to hit)
The magic dart hits the iguana but does no damage.
The iguana is moderately wounded.
The iguana bites you.
* * * LOW HITPOINT WARNING * * *
Aiming: Magic Dart (safe; 6% risk of failure)
Press: ? - help, Q - select action, (/) - cycle Shift-Dir - straight line, f/p - iguana
Aim: an iguana (moderately wounded, 100% to hit)
The magic dart hits the iguana but does no damage.
The iguana is moderately wounded.
The iguana bites you.
You die...

# .. . ... #.
....
#.#+#####....
#....<.......
#............
#............
#####@.......
#l.....$.
#........
#.####### #.#
#.# #.# +.#


You could see an iguana.

Vanquished Creatures
  3 gnolls
  An adder (D:2)
  3 dart slugs
  5 bats
  3 endoplasms
  3 giant cockroaches (D:1)
  5 goblins
  4 hobgoblins
  7 jackals
  3 quokkas
  3 ball pythons
  2 frilled lizards (D:1)
  6 kobolds
  3 rats
51 creatures vanquished.

Notes
Turn   | Place    | Note
-------+----------+-------------------------------------------
     0 | D:1      | jimonade the Gnoll Hedge Wizard began the quest for the
                  | Orb.
     0 | D:1      | Reached XP level 1. HP: 13/13 MP: 8/8
   244 | D:1      | Reached XP level 2. HP: 15/19 MP: 1/10
   562 | D:1      | Found a faded altar of an unknown god.
   563 | D:1      | Noticed a floating eye
   565 | D:1      | Noticed a floating eye
   565 | D:1      | Noticed an eye of devastation
   565 | D:1      | Noticed an eye of devastation
   691 | D:1      | You fall into a shaft and drop 1 floor!
   857 | D:2      | Reached XP level 3. HP: 25/25 MP: 5/11
   986 | D:2      | Reached skill level 1 in Invocations
  1021 | D:2      | Learned a level 2 spell: Blink
  1692 | D:1      | Reached skill level 1 in Fighting
  1692 | D:1      | Reached skill level 1 in Short Blades
  1692 | D:1      | Reached skill level 1 in Long Blades
  1692 | D:1      | Reached skill level 1 in Axes
  1692 | D:1      | Reached skill level 1 in Maces & Flails
  1692 | D:1      | Reached skill level 1 in Polearms
  1692 | D:1      | Reached skill level 1 in Staves
  1692 | D:1      | Reached skill level 1 in Ranged Weapons
  1692 | D:1      | Reached skill level 1 in Throwing
  1692 | D:1      | Reached skill level 1 in Armour
  1692 | D:1      | Reached skill level 1 in Shields
  1692 | D:1      | Reached skill level 1 in Unarmed Combat
  1692 | D:1      | Reached skill level 1 in Evocations
  2212 | D:1      | Reached XP level 4. HP: 32/32 MP: 10/13
  3113 | D:2      | Reached skill level 1 in Hexes
  3113 | D:2      | Reached skill level 1 in Necromancy
  3113 | D:2      | Reached skill level 1 in Transmutations
  3113 | D:2      | Reached skill level 1 in Fire Magic
  3113 | D:2      | Reached skill level 1 in Ice Magic
  3113 | D:2      | Reached skill level 1 in Air Magic
  3113 | D:2      | Reached skill level 1 in Earth Magic
  3113 | D:2      | Reached skill level 1 in Poison Magic
  3518 | D:2      | Found a sacrificial altar of Ru.
  3918 | D:3      | Slain by an iguana

Illustrated notes

Levels and vault maps discovered:
D:1:      lightli_arrival_windingriver, layout_basic,
          hellmonk_ecumenical_altar_watching_god
D:2:      layout_basic, basic_altar, lightli_corner_chamber
D:3:      layout_basic, nicolae_vehumet_radiance, bloody_makhleb, slow_altar_2

Skill      XL: |  1  2  3  4 |
---------------+-------------+-----
Conjurations   | 2 |  2.3
Summonings     | 2 |  2.3
Translocations | 2 |  2.3
Invocations    | 1 |  1.4
Fighting       | 1 |  1.2
Short Blades   | 1 |  1.2
Long Blades    | 1 |  1.2
Axes           | 1 |  1.2
Maces & Flails | 1 |  1.2
Polearms       | 1 |  1.2
Staves         | 1 |  1.2
Ranged Weapons | 1 |  1.2
Throwing       | 1 |  1.2
Armour         | 1 |  1.2
Shields        | 1 |  1.2
Unarmed Combat | 1 |  1.2
Evocations     | 1 |  1.2
Hexes          | 1 |  1.0
Necromancy     | 1 |  1.0
Transmutations | 1 |  1.0
Fire Magic     | 1 |  1.0
Ice Magic      | 1 |  1.0
Air Magic      | 1 |  1.0
Earth Magic    | 1 |  1.0
Poison Magic   | 1 |  1.0
Dodging        | |  4.7
Stealth        | |  4.3
Spellcasting   | |  7.2

Action                   |  1- 3 |  4- 6 || total
-------------------------+-------+-------++-------
Melee: Dagger            |    25 |     3 ||    28
       Bite              |     1 |       ||     1
 Cast: Magic Dart        |   100 |    47 ||   147
Armor: Robe              |     6 |     2 ||     8
Dodge: Dodged            |    29 |     8 ||    37

Table legend: (Time is in decaauts)
 A = Elapsed time spent in this place.
 B = Non-inter-level travel time spent in this place.
 C = Inter-level travel time spent in this place.
 D = Time resting spent in this place.
 E = Time spent auto-exploring this place.
 F = Levels seen in this place.
 G = Mean time per level.
                   A        B        C        D        E       F      G
               +--------+--------+--------+--------+--------+-----+--------+
         Total |   3920 |   3658 |    262 |    384 |   2871 |   3 | 1306.7 |
       Dungeon |   3920 |   3658 |    262 |    384 |   2871 |   3 | 1306.7 |
               +--------+--------+--------+--------+--------+-----+--------+

Top non-repeatable levels by time:
     D:1: 2103 daAuts
     D:2: 1806 daAuts
     D:3: 10 daAuts
